 Dungeon Crawl Stone Soup version 0.28-a0-1486-g8196b01 (webtiles) character file.

Game seed: 13176149461253927009

18635 Illumine the Fighter (level 12, 0/110 HPs)
             Began as a Minotaur Fighter on Jan 11, 2022.
             Was a Priest of Makhleb.
             Slain by a komodo dragon (18 damage)
             ... on level 3 of the Lair of Beasts.
             The game lasted 00:10:46 (14895 turns).

Illumine the Fighter (Minotaur Fighter)            Turns: 14895, Time: 00:10:47

Health: 0/110      AC: 17    Str: 25    XL:     12   Next: 29%
Magic:  16/16      EV:  7    Int:  5    God:    Makhleb [***...]
Gold:   629        SH: 11    Dex: 11    Spells: 11/11 levels left

rFire   + . .      SeeInvis .   G - +11 mace "Ashupufi" {elec, rF+}
rCold   . . .      Faith    .   c - +0 buckler
rNeg    . . .      Spirit   .   v - +0 plate armour
rPois   +          Reflect  +   l - +0 hat
rElec   .          Harm     .   (no cloak)
rCorr   .          Rampage  .   (no gloves)
Will    +....                   d - +1 pair of boots
Stlth   ..........              J - amulet of reflection
HPRegen 0.28/turn               w - ring of poison resistance
MPRegen 0.15/turn               u - ring of willpower

@: lethally poisoned (0 -> -2), about to teleport
A: horns 2, retaliatory headbutt
a: Renounce Religion, Minor Destruction, Lesser Servant of Makhleb


You were on level 3 of the Lair of Beasts.
You worshipped Makhleb.
Makhleb was most pleased with you.
You visited 3 branches of the dungeon, and saw 13 of its levels.

You collected 629 gold pieces.

Inventory:

Hand Weapons
 a - a +0 war axe
 y - a +0 arbalest
 G - the +11 mace "Ashupufi" (weapon) {elec, rF+}
   (You took it off an orc on level 7 of the Dungeon)

   It occasionally discharges a powerful burst of electricity upon striking a
   foe.
   rF:        It protects you from fire.
Missiles
 e - 41 poisoned darts (quivered)
 t - 7 atropa-tipped darts
 N - a throwing net
Armour
 b - a +0 scale mail
 c - a +0 buckler (worn)
 d - a +1 pair of boots (worn)
 l - a +0 hat (worn)
 v - a +0 plate armour (worn)
Jewellery
 u - a ring of willpower (right hand)
 w - a ring of poison resistance (left hand)
 A - a ring of resist corrosion
 B - a ring of protection from fire
 C - a ring of ice
 E - a ring of protection from fire
 J - an amulet of reflection (around neck)
 T - a ring of see invisible
Wands
 F - a wand of iceblast (14)
 H - a wand of digging (5)
 O - a wand of mindburst (8)
 Q - a wand of acid (4)
 R - a wand of paralysis (5)
Scrolls
 i - a scroll of torment
 m - 2 scrolls of teleportation
 n - 3 scrolls of magic mapping
 q - 2 scrolls of vulnerability {unknown}
 s - 4 scrolls of immolation {unknown}
 x - 2 scrolls of amnesia {unknown}
 z - 2 scrolls of enchant weapon {unknown}
 I - a scroll of enchant armour {unknown}
 K - a scroll of fog {unknown}
 L - a scroll of silence {unknown}
 M - a scroll of blinking {unknown}
 P - 3 scrolls of fear {unknown}
Potions
 f - 4 potions of heal wounds
 g - a potion of degeneration {unknown}
 h - a potion of magic
 j - a potion of haste
 k - 3 potions of curing
 o - a potion of mutation
 p - a potion of resistance
 r - a potion of lignification
 D - 3 potions of attraction
 S - a potion of flight


   Skills:
 + Level 11.2 Fighting
 - Level 9.7(12.0) Axes
 * Level 11.1(12.6) Maces & Flails
 + Level 10.6 Armour
 - Level 10.6 Shields
 + Level 7.5 Invocations


You had 11 spell levels left.
You didn't know any spells.
Your spell library contained the following spells:

 Spells                   Type           Power      Damage    Failure   Level
 Pain                     Necr           0%         1d4       99%         1
 Sandblast                Erth           0%         2d4       99%         1
 Shock                    Conj/Air       0%         1d3       99%         1
 Passwall                 Tmut/Erth      0%         N/A       100%        2
 Stone Arrow              Conj/Erth      0%         3d7       100%        3
 Swiftness                Air            0%         N/A       100%        3
 Airstrike                Air            0%         N/A       100%        4


Dungeon Overview and Level Annotations

Branches:
Dungeon (9/15)             Temple (1/1) D:6            Lair (3/6) D:9
  Swamp: Lair:2-4    Shoals: Lair:2-4     Snake: Lair:2-4    Spider: Lair:2-4
    Orc: D:9-12

Altars:
Ashenzari
Cheibriados
Dithmenos
Fedhas
Gozag
Hepliaklqana
Kikubaaqudgha
Makhleb
Nemelex Xobeh
Okawaru
Qazlal
Ru
Sif Muna
Trog
Uskayaw
Vehumet
Wu Jian
Xom
Yredelemnul
Zin
The Shining One


Innate Abilities, Weirdness & Mutations

You have a pair of horns on your head.
You reflexively headbutt those who attack you in melee.


Message History

* * * LOW HITPOINT WARNING * * *
The komodo dragon bites your orange demon!!
Your orange demon closely misses the water moccasin.
Your orange demon hits the water moccasin.
The blink frog hits your orange demon!
Your orange demon dies!
Your orange demon disappears in a puff of smoke!
The water moccasin hisses angrily.
You closely miss the water moccasin.
Your headbutt misses the water moccasin.
The water moccasin is almost dead.
You feel sick. You block the water moccasin's attack.
The komodo dragon bites you.
* * * LOW HITPOINT WARNING * * *
The komodo dragon bites you.
* * * LOW HITPOINT WARNING * * *
You miss the water moccasin.
Your headbutt misses the water moccasin.
The water moccasin is almost dead.
You feel sick. The water moccasin closely misses you. You furiously retaliate!
You headbutt the water moccasin!
You kill the water moccasin!
Makhleb accepts your kill.
You feel better. You block the blink frog's attack.
You block the komodo dragon's attack.
The komodo dragon bites you but does no damage.
You sock the komodo dragon!
The komodo dragon is moderately wounded.
You feel sick. The blink frog hits you.
* * * LOW HITPOINT WARNING * * *
The blink frog blinks!
The komodo dragon bites you but does no damage.
You block the komodo dragon's attack.
The blink frog blinks!
As you read the scroll of teleportation, it crumbles to dust.
You feel strangely unstable.
You feel sick.
The blink frog blinks!
The komodo dragon bites you.
* * * LOW HITPOINT WARNING * * *
You block the komodo dragon's attack.
The blink frog blinks!
The komodo dragon bites you!!
You die...

## ##... ... #...
.... ##...
....###... #.......#
......
)#...F...##......
#....$..§#........
#.⌠..†ll#........
#.....l@#........
#...⌠.§/#.......#
#..§....#.#.....##
....##.....#.#....##
....#.##.§...#.....#
... ## ##..⌠...>...#
.. #####.......#
###...#.†#.....
#.....†........#


You could see 3 komodo dragons and a blink frog.

Vanquished Creatures
  3 hydras
  8 elephants (Lair:2)
  A black mamba (Lair:1)
  3 cane toads
  6 komodo dragons
  Grinder (D:4)
  A hornet (D:7)
  14 blink frogs
  21 yaks
  2 wyverns
  4 basilisks
  A steam dragon (D:6)
  8 water moccasins
  4 orc warriors
  A necrophage (D:8)
  An ogre (D:4)
  4 centaurs
  2 phantoms
  11 bullfrogs
  4 gnoll sergeants
  4 scorpions
  A water moccasin zombie (D:5)
  A wyvern skeleton (D:6)
  A water moccasin skeleton (D:5)
  8 killer bees
  3 wights (D:6)
  A howler monkey (D:9)
  A bullfrog skeleton (D:5)
  A gnoll shaman (D:3)
  4 hounds
  2 jellies (D:6)
  5 orc wizards
  4 iguanas
  A hound skeleton (D:5)
  2 howler monkey zombies
  21 gnolls
  2 howler monkey skeletons
  7 adders
  2 shadow imps
  2 white imps
  2 ufetubi (D:5)
  An adder skeleton (D:4)
  3 worms
  2 dart slugs
  24 orcs
  6 ball pythons
  12 endoplasms
  4 giant cockroaches
  8 goblins
  11 hobgoblins
  4 jackals (D:3)
  2 quokkas
  5 bats
  6 frilled lizards
  6 kobolds
  8 rats (D:1)
277 creatures vanquished.

Vanquished Creatures (others)
  An orc (D:7)
  4 fungi
  13 plants
  4 withered plants (D:1)
22 creatures vanquished.

Grand Total: 299 creatures vanquished

Notes
Turn   | Place    | Note
-------+----------+-------------------------------------------
     0 | D:1      | Illumine the Minotaur Fighter began the quest for the Orb.
     0 | D:1      | Reached XP level 1. HP: 19/19 MP: 0/0
    30 | D:1      | Reached XP level 2. HP: 19/27 MP: 1/1
   373 | D:1      | Found a faded altar of an unknown god.
   382 | D:1      | Reached XP level 3. HP: 26/33 MP: 2/2
   647 | D:1      | You fall into a shaft and drop 1 floor!
  1043 | D:2      | Reached XP level 4. HP: 40/40 MP: 3/3
  1435 | D:3      | Found a shadowy altar of Dithmenos.
  1817 | D:3      | Reached XP level 5. HP: 45/47 MP: 4/4
  2135 | D:3      | Reached skill level 5 in Axes
  2417 | D:4      | Reached skill level 5 in Shields
  2695 | D:4      | Reached skill level 5 in Fighting
  2695 | D:4      | Reached XP level 6. HP: 11/56 MP: 5/5
  3430 | D:4      | Noticed Grinder
  3433 | D:4      | Paralysed by Grinder for 7 turns
  3442 | D:4      | Killed Grinder
  3443 | D:4      | Reached XP level 7. HP: 30/61 MP: 6/6
  4496 | D:5      | Entered Level 5 of the Dungeon
  4668 | D:5      | Found a radiant altar of Vehumet.
  4668 | D:5      | Found an ancient bone altar of Kikubaaqudgha.
  4669 | D:5      | Found a shimmering blue altar of Sif Muna.
  4676 | D:5      | Got Kikubaaqudgha's Handbook of Dark Rituals
  4804 | D:5      | Reached skill level 5 in Armour
  4884 | D:5      | Reached XP level 8. HP: 69/71 MP: 7/7
  5650 | D:6      | HP: 2/64 [wight (3)]
  6274 | D:6      | Found a staircase to the Ecumenical Temple.
  6287 | Temple   | Entered the Ecumenical Temple
  6399 | Temple   | Became a worshipper of Makhleb the Destroyer
  6678 | D:6      | Reached skill level 1 in Invocations
  7439 | D:7      | Reached XP level 9. HP: 64/79 MP: 9/9
  7531 | D:7      | Identified the +11 mace "Ashupufi" {elec, rF+}
  8082 | D:7      | Reached skill level 1 in Maces & Flails
  8464 | D:7      | Reached * piety under Makhleb
  9409 | D:8      | Found an opulent altar of Gozag.
  9410 | D:8      | Found an ornate altar of the Wu Jian Council.
  9843 | D:9      | Reached ** piety under Makhleb
  9869 | D:9      | Reached XP level 10. HP: 49/90 MP: 12/12
 10529 | D:9      | Found a staircase to the Lair.
 10715 | Lair:1   | Entered Level 1 of the Lair of Beasts
 11022 | Lair:1   | Reached skill level 5 in Maces & Flails
 11400 | Lair:1   | Noticed a seven-headed hydra
 11407 | Lair:1   | Killed a seven-headed hydra
 11411 | Lair:1   | Reached skill level 5 in Invocations
 11881 | Lair:1   | Noticed a black mamba
 11884 | Lair:1   | Killed a black mamba
 12048 | Lair:1   | Reached XP level 11. HP: 99/99 MP: 14/14
 12694 | Lair:2   | Reached skill level 10 in Shields
 12698 | Lair:2   | Reached skill level 10 in Fighting
 12879 | Lair:2   | Reached *** piety under Makhleb
 13386 | Lair:2   | Noticed a five-headed hydra
 13393 | Lair:2   | Killed a five-headed hydra
 13398 | Lair:2   | HP: 2/101 [bullfrog (7)]
 13791 | Lair:2   | Noticed a six-headed hydra
 13803 | Lair:2   | Killed a six-headed hydra
 13804 | Lair:2   | Reached skill level 10 in Maces & Flails
 13804 | Lair:2   | Reached skill level 10 in Armour
 14273 | Lair:2   | Reached XP level 12. HP: 76/108 MP: 16/16
 14895 | Lair:3   | Slain by a komodo dragon

Illustrated notes

Levels and vault maps discovered:
D:1:      dpeg_arrival_court, layout_rooms, ebering_ecumenical_altar_petrified
D:2:      minmay_skewed_foursquare, layout_rooms
D:3:      layout_rooms, mainiacjoe_overflow_brackets, hex_tiny,
          lemuel_flame_loot_1
D:4:      layout_cave_pods, uniq_grinder
D:5:      layout_cave_pods, grunt_temple_overflow_magic_moments
D:6:      layout_loops_corners, temple_hall, minmay_misc_feat_ornament
D:7:      layout_gridville
D:8:      layout_cave_pools, chequers_temple_overflow_statue_of_worship
D:9:      layout_basic, lair_entry_dummy
Temple:   regret_index_temple_waves
Lair:1:   layout_loops_ring, grunt_megastairs_1, lemuel_fruit_fields
Lair:2:   layout_layer_cave, lemuel_fruit_tree
Lair:3:   layout_hall_layers, chequers_serial_rivers_small_a,
          serial_bayou_shore_b, grunt_megastairs_4

Skill      XL: |  1  2  3  4  5  6  7  8  9 10 11 12 |
---------------+-------------------------------------+-----
Axes           | 3 4 5 6 7 9 |  9.7
Shields        | 4 5 6 7 8 9 10 | 10.6
Fighting       | 4 5 6 7 8 9 10 11 | 11.2
Armour         | 4 5 6 7 9 10 | 10.6
Invocations    | 2 4 5 7 |  7.5
Maces & Flails | 3 7 10 11 | 11.1

Action                   |  1- 3 |  4- 6 |  7- 9 | 10-12 || total
-------------------------+-------+-------+-------+-------++-------
Melee: War axe           |    91 |   112 |   202 |       ||   405
       Headbutt          |    11 |    18 |    39 |    67 ||   135
       Mace              |       |       |    86 |   304 ||   390
Throw: Dart              |       |       |     1 |       ||     1
Invok: Lesser Servant of |       |       |       |     1 ||     1
Evoke: Wand              |       |       |       |     1 ||     1
  Use: Scroll            |       |     2 |     6 |     6 ||    14
       Potion            |       |     1 |       |       ||     1
Armor: Scale mail        |    52 |    32 |       |       ||    84
       Plate armour      |       |     3 |   239 |   160 ||   402
Dodge: Dodged            |    39 |    53 |   113 |    76 ||   281
Block: Buckler           |    26 |    25 |   133 |   177 ||   361
       Reflection        |       |       |     1 |       ||     1

Table legend: (Time is in decaauts)
 A = Elapsed time spent in this place.
 B = Non-inter-level travel time spent in this place.
 C = Inter-level travel time spent in this place.
 D = Time resting spent in this place.
 E = Time spent auto-exploring this place.
 F = Levels seen in this place.
 G = Mean time per level.
                   A        B        C        D        E       F      G
               +--------+--------+--------+--------+--------+-----+--------+
         Total |  14977 |  14591 |    386 |   3158 |   9426 |  13 | 1152.1 |
       Dungeon |  10677 |  10400 |    277 |   2272 |   6685 |   9 | 1186.3 |
        Temple |    148 |     86 |     62 |      0 |      3 |   1 |  148.0 |
          Lair |   4152 |   4106 |     46 |    886 |   2738 |   3 | 1384.0 |
               +--------+--------+--------+--------+--------+-----+--------+

Top non-repeatable levels by time:
  Lair:2: 2234 daAuts
     D:4: 2135 daAuts
  Lair:1: 1798 daAuts
     D:6: 1667 daAuts
     D:7: 1481 daAuts
     D:3: 1157 daAuts
     D:5: 1088 daAuts
     D:9: 1016 daAuts
     D:8: 853 daAuts
     D:1: 668 daAuts
     D:2: 608 daAuts
  Temple: 148 daAuts
  Lair:3: 118 daAuts
